 Dungeon Crawl Stone Soup version 0.21-a0-283-g622b906 (webtiles) character file.

19967 KristoblXynda the Slicer (level 13, -3/76 HPs)
             Began as a Kobold Berserker on Sept 24, 2017.
             Was a High Priest of Trog.
             Slain by a hippogriff (4 damage)
             ... on level 2 of the Lair of Beasts.
             The game lasted 00:37:53 (16715 turns).

KristoblXynda the Slicer (Kobold Berserker)        Turns: 16715, Time: 00:37:54

Health: -3/76      AC: 11    Str: 20    XL:     13   Next: 8%
Magic:  14/14      EV:  3    Int: 12    God:    Trog [*****.]
Gold:   375        SH:  0    Dex: 16    Spells: 12/12 levels left

rFire    + + +     SeeInvis .   l - +6 rapier (holy)
rCold    . . .     Gourm    .   (shield restricted)
rNeg     + + +     Faith    .   D - +2 robe of Evolution {*Contam rF+ Str+4 Int+2}
rPois    ∞         Spirit   .   r - +2 hat
rElec    .         Reflect  .   f - scarf {cloud immunity}
rCorr    +         Harm     .   (no gloves)
MR       .....                  v - +1 pair of boots of the Hills {rF+ rCorr}
Stlth    +++++.....             (no amulet)
HPRegen  0.62/turn              y - ring of protection from fire
MPRegen  0.14/turn              q - +2 ring of protection

@: petrified
A: carnivore 3, fire resistance 1, low mp 1, regeneration 1, MP-powered wands
a: Berserk, Trog's Hand, Brothers in Arms, Burn Spellbooks, Renounce Religion


You were on level 2 of the Lair of Beasts.
You worshipped Trog.
Trog was extremely pleased with you.
You were hungry.

You visited 3 branches of the dungeon, and saw 14 of its levels.
You also visited: Ice Cave.

You collected 765 gold pieces.
You spent 390 gold pieces at shops.

Inventory:

Hand Weapons
 l - a +6 rapier of holy wrath (weapon)
 A - a +6 antimagic rapier
Missiles
 d - 8 exploding tomahawks (quivered)
 j - 7 steel tomahawks
Armour
 f - a scarf of cloud immunity (worn)
 r - a +2 hat (worn)
 v - the +1 pair of boots of the Hills (worn) {rF+ rCorr}
   (You found it in an ice cave)

   It protects you from fire.
   It protects you from acid and corrosion.
 D - the +2 robe of Evolution (worn) {*Contam rF+ Str+4 Int+2}
   (You found it on level 9 of the Dungeon)

   It affects your strength (+4).
   It affects your intelligence (+2).
   It protects you from fire.
   It causes magical contamination when unequipped.
 E - a +0 ring mail of cold resistance
Jewellery
 p - an uncursed ring of resist corrosion
 q - a +2 ring of protection (right hand)
 s - an uncursed ring of magical power
 u - an uncursed ring of stealth
 y - a ring of protection from fire (left hand)
Wands
 x - a wand of iceblast (7/15)
Scrolls
 a - a scroll of amnesia
 e - 2 scrolls of immolation
 h - 7 scrolls of teleportation
 i - a scroll of identify
 k - 3 scrolls of remove curse
 m - 3 scrolls of blinking
 n - a scroll of fog
 t - 3 scrolls of fear
Potions
 g - a potion of magic
 o - a potion of agility
 w - a potion of might
 z - a potion of invisibility
Books
 C - a book of Changes

   Spells                             Type                      Level
   a - Beastly Appendage              Transmutation                1
   b - Sticks to Snakes               Transmutation                2
   c - Spider Form                    Transmutation/Poison         3
   d - Ice Form                       Ice/Transmutation            4
   e - Blade Hands                    Transmutation                5
   Trog disapproves of the use of such an item.
Comestibles
 b - 5 royal jellies
 c - 5 meat rations


   Skills:
 + Level 6.8 Fighting
 + Level 13.5 Short Blades
 - Level 5.1 Throwing
 - Level 8.0 Armour
 + Level 12.0 Dodging
 - Level 12.2 Stealth
 + Level 3.9 Evocations


You had 12 spell levels left.
You didn't know any spells.

Dungeon Overview and Level Annotations

Branches:
Dungeon (11/15)            Temple (1/1) D:6            Lair (2/6) D:10
    Orc (0/2) D:9
  Swamp: Lair:2-4    Shoals: Lair:2-4     Snake: Lair:2-4    Spider: Lair:2-4

Altars:
Ashenzari
Cheibriados
Dithmenos
Elyvilon
Fedhas
Gozag
Hepliaklqana
Kikubaaqudgha
Makhleb
Nemelex Xobeh
Okawaru
Qazlal
Ru
Sif Muna
Trog
Uskayaw
Vehumet
Wu Jian
Xom
Yredelemnul
Zin
The Shining One
Beogh

Shops:
D:5 *   D:6 *

Annotations:
D:11 Gorice's ghost, journeyman GnWn


Innate Abilities, Weirdness & Mutations

You are small and have problems with some larger weapons.
You are carnivorous and can eat meat at any time.
Your flesh is heat resistant. (rF+)
Your magical capacity is low. (-10% MP)
Your natural rate of healing is unusually fast.
You expend magic power (3 MP) to strengthen your wands.


Message History

* * * LOW HITPOINT WARNING * * *
The hippogriff claws you but does no damage.
The porcupine barely misses you.
The hippogriff bites you but does no damage.
The hippogriff pecks you. The hippogriff claws you. The basilisk bites you.
* * * LOW HITPOINT WARNING * * *
The porcupine completely misses you. The basilisk bites you!
* * * LOW HITPOINT WARNING * * *
The hippogriff bites you but does no damage.
The hippogriff pecks you but does no damage.
The hippogriff claws you.
* * * LOW HITPOINT WARNING * * *
The porcupine completely misses you. The porcupine bites you!
* * * LOW HITPOINT WARNING * * *
The basilisk bites you.
* * * LOW HITPOINT WARNING * * *
The hippogriff bites you but does no damage.
The hippogriff pecks you!
You die...

#### ##
###...####P###.
..............#
.............#
.............#
.............#
.......Hl....#
.>....r@.....#
...#..#......#
.....##......#
...#.....>...##
.....##......P#
.....P..##...##
.........#.#.#
........#....#
.......<##...#


You could see a hippogriff, a basilisk and a porcupine.

Vanquished Creatures
  Gastronok (D:8)
  A hydra (Lair:1)
  5 two-headed ogres
  Nergalle (D:10)
  A necromancer (IceCv)
  The ghost of nikopol the Thaumaturge, a novice DEFE of Vehumet (D:9)
  2 ice statues (IceCv)
  A spiny frog (Lair:1)
  A gargoyle (D:10)
  7 ice devils (IceCv)
  Prince Ribbit (D:6)
  2 trolls
  2 hippogriffs (D:7)
  Sigmund (D:3)
  18 yaks
  5 fire bats (Lair:1)
  Edmund (D:5)
  3 water moccasins
  2 porcupines (Lair:1)
  2 ice beasts
  A sky beast (D:9)
  2 black bears (D:7)
  3 phantoms
  An eye of draining (D:9)
  A necrophage (D:9)
  5 orc warriors
  3 ogres (D:9)
  5 centaurs
  2 big kobolds
  A crocodile (D:10)
  Blork the orc (D:6)
  7 bullfrogs
  A scorpion (D:10)
  8 howler monkeys
  An electric eel (D:10)
  2 lava snakes (Lair:1)
  2 crimson imps
  2 quasits (D:8)
  2 bullfrog zombies
  2 centaur skeletons
  A draconian simulacrum (IceCv)
  2 gnoll shamans
  11 orc priests
  2 hounds
  3 jellies
  3 iguanas
  4 orc wizards
  3 spriggan simulacra (IceCv)
  7 worker ants
  2 troll simulacra (IceCv)
  A killer bee zombie (D:8)
  A centaur simulacrum (IceCv)
  2 hound zombies
  A howler monkey zombie (D:9)
  2 worker ant zombies (D:5)
  18 gnolls
  13 adders
  2 ogre simulacra (IceCv)
  A naga simulacrum (IceCv)
  3 shadow imps
  12 white imps (Lair:1)
  2 oozes
  2 worms
  7 leopard geckos
  48 orcs
  10 bats
  3 giant cockroaches
  35 goblins
  30 hobgoblins
  16 jackals
  14 kobolds
  4 quokkas
  2 ball pythons
  A ball python skeleton (D:4)
  5 frilled lizards
  A giant cockroach zombie (D:6)
  A leopard gecko skeleton (D:4)
  A quokka skeleton (D:4)
  3 rats
  A plant (D:10)
390 creatures vanquished.

Vanquished Creatures (others)
  An orc wizard (D:7)
  A leopard gecko (D:8)
2 creatures vanquished.

Grand Total: 392 creatures vanquished

Notes
Turn   | Place    | Note
-------+----------+-------------------------------------------
     0 | D:1      | KristoblXynda the Kobold Berserker began the quest for the Orb.
     0 | D:1      | Reached XP level 1. HP: 14/14 MP: 1/1
   119 | D:1      | Reached XP level 2. HP: 19/19 MP: 2/2
   519 | D:1      | Reached XP level 3. HP: 20/23 MP: 3/3
   531 | D:1      | Reached skill level 1 in Stealth
   784 | D:1      | Reached ** piety under Trog
  1248 | D:2      | Reached XP level 4. HP: 23/28 MP: 4/4
  1737 | D:2      | Found a shattered altar of Ashenzari.
  1887 | D:2      | Found a shimmering altar of Xom.
  1980 | D:3      | Reached XP level 5. HP: 23/32 MP: 5/5
  2539 | D:3      | Noticed Sigmund
  2555 | D:3      | Killed Sigmund
  2555 | D:3      | Reached skill level 5 in Short Blades
  2555 | D:3      | Reached XP level 6. HP: 37/37 MP: 6/6
  2624 | D:3      | Reached *** piety under Trog
  2683 | D:3      | Reached XP level 7. HP: 3/41 MP: 7/7
  3333 | D:4      | Reached skill level 6 in Short Blades
  3525 | D:4      | Reached skill level 5 in Dodging
  3926 | D:4      | Reached **** piety under Trog
  4000 | D:4      | Reached skill level 5 in Stealth
  4077 | D:4      | Reached XP level 8. HP: 46/46 MP: 8/8
  4332 | D:4      | Found a sacrificial altar of Ru.
  4609 | D:4      | Reached skill level 7 in Short Blades
  5523 | D:5      | Entered Level 5 of the Dungeon
  5525 | D:5      | Found a shadowy altar of Dithmenos.
  5726 | D:5      | Found Leamm's Assorted Antiques.
  5729 | D:5      | Bought an embroidered scarf for 240 gold pieces
  5963 | D:5      | Noticed Edmund
  5993 | D:5      | Killed Edmund
  6001 | D:5      | Found an ancient bone altar of Kikubaaqudgha.
  6004 | D:5      | Found a blossoming altar of Fedhas.
  6004 | D:5      | Found a glowing silver altar of Zin.
  6013 | D:5      | Found a snail-covered altar of Cheibriados.
  6301 | D:5      | Reached XP level 9. HP: 51/51 MP: 9/9
  6410 | D:6      | Found a staircase to the Ecumenical Temple.
  6448 | D:6      | Noticed Prince Ribbit
  6485 | D:6      | Reached skill level 8 in Short Blades
  6496 | D:6      | Killed Prince Ribbit
  6498 | D:6      | Found Vighaomi's General Store.
  6840 | D:6      | Noticed Blork the orc
  6848 | D:6      | Killed Blork the orc
  6848 | D:6      | Reached skill level 5 in Armour
  7025 | D:6      | Found a stormy altar of Qazlal.
  7026 | D:6      | Found an opulent altar of Gozag.
  7837 | D:7      | Reached ***** piety under Trog
  7837 | D:7      | Reached skill level 9 in Short Blades
  7905 | D:7      | Reached XP level 10. HP: 21/56 MP: 10/10
  7931 | D:7      | Reached skill level 10 in Short Blades
  8003 | D:7      | Found an ornate altar of the Wu Jian Council.
  8648 | D:7      | Reached skill level 10 in Stealth
  9191 | D:7      | Found a burning altar of Makhleb.
  9412 | Temple   | Entered the Ecumenical Temple
  9959 | D:8      | Identified a scroll of acquirement
 10144 | D:8      | Noticed Gastronok
 10165 | D:8      | Killed Gastronok
 10165 | D:8      | Reached skill level 11 in Short Blades
 10165 | D:8      | Reached skill level 10 in Dodging
 10165 | D:8      | Reached XP level 11. HP: 51/60 MP: 11/11
 10166 | D:8      | Found a radiant altar of Vehumet.
 10602 | D:8      | Noticed a two-headed ogre
 10609 | D:8      | Killed a two-headed ogre
 10804 | D:9      | Got a creamy pearl robe
 10815 | D:9      | Identified the +2 robe of Evolution {*Contam rF+ Str+4 Int+2} (You found it on level 9 of the Dungeon)
 10824 | D:9      | Found a glowing golden altar of the Shining One.
 10887 | D:9      | Received a gift from Trog
 10894 | D:9      | Noticed nikopol's ghost (novice DEFE)
 10923 | D:9      | Killed nikopol's ghost
 11485 | D:9      | Noticed a two-headed ogre
 11518 | D:9      | Killed a two-headed ogre
 11518 | D:9      | Reached skill level 12 in Short Blades
 11518 | D:9      | Reached skill level 1 in Throwing
 11682 | D:5      | Bought a glittering lead ring for 150 gold pieces
 11683 | D:5      | Identified the ring of False Pretenses {Fire rPois MR+ Str-4 Dex+4} (You bought it in a shop on level 5 of the Dungeon)
 12235 | D:9      | Found a staircase to the Orcish Mines.
 12250 | D:9      | Noticed a two-headed ogre
 12281 | D:9      | Killed a two-headed ogre
 12343 | D:9      | Gained mutation: Your natural rate of healing is unusually fast. [mutagenic meat]
 12344 | D:9      | Gained mutation: You expend magic power (3 MP) to strengthen your wands. [mutagenic meat]
 12345 | D:9      | Gained mutation: Scrolls take you a little longer to read. [mutagenic meat]
 12346 | D:9      | Lost mutation: Scrolls take you a little longer to read. [mutagenic meat]
 12347 | D:9      | Gained mutation: Your magical capacity is low. (-10% MP) [mutagenic meat]
 12348 | D:9      | Gained mutation: Your flesh is heat resistant. (rF+) [mutagenic meat]
 12391 | D:10     | Entered Level 10 of the Dungeon
 12412 | D:10     | HP: 3/60 [orc warrior/long sword (12)]
 12513 | D:10     | Found a staircase to the Lair.
 12526 | D:10     | Received a gift from Trog
 12574 | D:10     | Reached XP level 12. HP: 66/66 MP: 3/10
 12774 | D:10     | Noticed a two-headed ogre
 12792 | D:10     | Killed a two-headed ogre
 12883 | D:10     | Found a roughly hewn altar of Beogh.
 13020 | D:10     | Noticed a two-headed ogre
 13025 | D:10     | Killed a two-headed ogre
 13105 | D:10     | Noticed Nergalle
 13122 | D:10     | Killed Nergalle
 13122 | D:10     | Reached skill level 5 in Fighting
 13440 | D:11     | Noticed Gorice's ghost (journeyman GnWn)
 13696 | Lair:1   | Entered Level 1 of the Lair of Beasts
 13850 | Lair:1   | Reached skill level 5 in Throwing
 14066 | Lair:1   | Reached skill level 1 in Evocations
 14328 | Lair:1   | Reached skill level 13 in Short Blades
 14464 | Lair:1   | Found a frozen archway.
 14487 | Lair:1   | Received a gift from Trog
 14514 | IceCv    | Entered an ice cave
 15893 | IceCv    | Got a pair of slimy boots
 15912 | IceCv    | Identified the +1 pair of boots of the Hills {rF+ rCorr} (You found it in an ice cave)
 16018 | IceCv    | Reached XP level 13. HP: 31/76 MP: 12/13
 16223 | Lair:1   | Noticed an eight-headed hydra
 16228 | Lair:1   | Killed an eight-headed hydra
 16715 | Lair:2   | HP: 3/76 [porcupine (3)]
 16715 | Lair:2   | HP: 1/76 [basilisk (2)]
 16715 | Lair:2   | Slain by a hippogriff

Vault maps used:
D:1:      scummos_arrival_simple_crosswalls
D:2:      evilmike_ruin_ashenzari, lemuel_doored_altar, minmay_tromino_v7
D:3:      first_bread, uniq_sigmund
D:4:      minmay_goblin_kobold_castle, nicolae_ru_great_annihilating_truth
D:5:      nicolae_dithmenos_through_a_glass_darkly, grunt_temple_overflow_open,
          serial_shops, kennysheep_mini_moat, uniq_edmund
D:6:      gammafunk_temple_overflow_statue, minmay_temple_entry_from_below_a,
          serial_shops, nicolae_shop_stone, uniq_prince_ribbit1,
          uniq_blork_the_orc
D:7:      kennysheep_little_box, lemuel_round_altar
D:8:      basic_altar, uniq_gastronok
D:9:      old_standard_altar, orc_0_dummy
D:10:     dpeg_oklobed_lair, special_room, uniq_nergalle
D:11:     serial_shops, kennysheep_mini
Temple:   compressed_dpeg_triangle_lava_temple
Lair:1:   portal_ice_cave_entry_imps, grunt_megastairs_4
Lair:2:   cheibrodos_lair_river_kwai, minmay_snake_entry_guardpost_medium,
          eino_house_with_fridge, lemuel_fruit_fields
IceCv:    ice_cave_tombish

Skill      XL: |  1  2  3  4  5  6  7  8  9 10 11 12 13 |
---------------+----------------------------------------+-----
Dodging        | 3 4 5 6 8 10 11 12 | 12.0
Stealth        | 1 2 4 5 7 9 11 12 | 12.2
Armour         | 2 3 4 5 6 7 8 |  8.0
Short Blades   | 5 6 7 9 11 12 13 | 13.5
Throwing       | 2 5 |  5.1
Fighting       | 6 |  6.8
Evocations     | 3 |  3.9

Action                   |  1- 3 |  4- 6 |  7- 9 | 10-12 | 13-15 || total
-------------------------+-------+-------+-------+-------+-------++-------
Melee: Short sword       |   105 |   207 |   729 |   595 |       ||  1636
       Rapier            |       |       |       |   460 |    19 ||   479
       Dagger            |       |       |       |     4 |       ||     4
Throw: Throwing net      |       |       |       |     1 |       ||     1
Invok: Berserk           |     1 |     2 |     8 |    11 |       ||    22
       Trog's Hand       |       |       |     3 |     4 |       ||     7
  Use: Scroll            |       |       |    14 |    11 |       ||    25
       Potion            |       |       |     5 |     1 |       ||     6
 Stab: Sleeping          |     2 |     2 |    10 |    34 |     1 ||    49
       Distracted        |       |       |       |     3 |       ||     3
  Eat: Chunk             |     8 |     8 |    22 |    42 |       ||    80
Armor: Animal skin       |    21 |    19 |       |       |       ||    40
       Ring mail         |       |    66 |   202 |    52 |       ||   320
       Robe              |       |       |       |    70 |    20 ||    90
Dodge: Dodged            |   119 |   163 |   659 |   725 |    22 ||  1688

Table legend:
 A = Spawn XP
 B = Non-spawn XP
 C = Spawn XP percentage of total XP
 D = Spawn monster count
 E = Non-spawn monster count
 F = Spawn count percentage of total count
 G = Total turns spent on level
                    A         B        C        D         E        F      G
               +---------+---------+-------+---------+---------+-------+---------
         Total |       0 |   28525 |   0.0 |       0 |     390 |   0.0 | 16715
               +---------+---------+-------+---------+---------+-------+---------
           D:1 |       0 |      43 |   0.0 |       0 |      23 |   0.0 |  1225
           D:2 |       0 |      72 |   0.0 |       0 |      22 |   0.0 |   748
           D:3 |       0 |     465 |   0.0 |       0 |      31 |   0.0 |  1324
           D:4 |       0 |     793 |   0.0 |       0 |      92 |   0.0 |  2230
           D:5 |       0 |     623 |   0.0 |       0 |      13 |   0.0 |   981
           D:6 |       0 |     553 |   0.0 |       0 |       7 |   0.0 |   963
           D:7 |       0 |    3328 |   0.0 |       0 |      28 |   0.0 |  2232
           D:8 |       0 |    4558 |   0.0 |       0 |      26 |   0.0 |  1071
           D:9 |       0 |    4578 |   0.0 |       0 |      35 |   0.0 |  1370
          D:10 |       0 |    4981 |   0.0 |       0 |      61 |   0.0 |  1223
          D:11 |       0 |     110 |   0.0 |       0 |       1 |   0.0 |    82
        Lair:1 |       0 |    4233 |   0.0 |       0 |      31 |   0.0 |  1310
         IceCv |       0 |    4188 |   0.0 |       0 |      20 |   0.0 |  1687
               +---------+---------+-------+---------+---------+-------+---------
